 Dungeon Crawl Stone Soup version 0.31.0-11-ge490571c62 (webtiles) character file.

Game seed: 1942907662249371444

123213 Frank the Peltast (level 16, 0/92 (116) HPs)
             Began as a Demonspawn Fighter on Jan 31, 2024.
             Was the Champion of Hepliaklqana.
             Slain by a +1 demon trident of draining (2 damage)
             ... on level 1 of the Elven Halls.
             The game lasted 00:46:06 (19618 turns).

Frank the Peltast (Demonspawn Fighter)             Turns: 19618, Time: 00:46:07

HP:   0/92 (116)    AC: 28    Str: 23    XL:     16   Next: 36%
MP:   16/16         EV: 11    Int:  9    God:    Hepliaklqana [******]
Gold: 1101          SH: 26    Dex: 24    Spells: 15/15 levels left

rFire   + . .        N - +5 scimitar (vamp)
rCold   . . .        v - +5 kite shield
rNeg    . . .        U - +1 plate armour of Ignis's Indignation {rF+ rCorr Dex+2 SInv}
rPois   .            c - +2 helmet
rElec   .            C - +1 cloak
rCorr   +            y - +0 pair of gloves
SInv    +            k - +0 pair of boots
Will    +....        s - amulet of reflection Stlth
                     o - +6 ring of strength
HPRegen 1.15/turn    H - +4 ring of protection
MPRegen 0.15/turn

%: random rage (3%), reflection
@: heavily drained, invisible
A: reduced essence, thin skeletal structure 1, ignite blood 3, powered by pain
2, weakness stinger 1, berserk 1, regeneration 1
a: Renounce Religion, Recall Ancestor, Ancestor Identity, Transference, Idealise


You were on level 1 of the Elven Halls.
You worshipped Hepliaklqana.
Hepliaklqana was exalted by your worship.
You visited 4 branches of the dungeon, and saw 23 of its levels.
You also visited: Sewer.

You collected 2438 gold pieces.
You spent 1337 gold pieces at shops.

Inventory:

Hand Weapons
 N - a +5 vampiric scimitar (weapon)
Armour
 c - a +2 helmet (worn)
 k - a +0 pair of boots (worn)
 v - a +5 kite shield (worn)
 y - a +0 pair of gloves (worn)
 C - a +1 cloak (worn)
 U - the +1 plate armour of Ignis's Indignation (worn) {rF+ rCorr Dex+2 SInv}
   (You bought it in a shop on level 8 of the Dungeon)

   Dex+2:     It affects your dexterity (+2).
   rF+:       It protects you from fire.
   SInv:      It lets you see invisible.
   rCorr:     It protects you from acid and corrosion.
Jewellery
 o - a +6 ring of strength (left hand)
 s - an amulet of reflection (around neck)
 G - a ring of poison resistance
 H - a +4 ring of protection (right hand)
 M - a ring of flight
 Q - the ring "Locog" {rF+ rN+ Int+3}
   (You found it on level 5 of the Lair of Beasts)

   [ring of positive energy]

   Int+3:     It affects your intelligence (+3).
   rF+:       It protects you from fire.
   rN+:       It protects you from negative energy.
Wands
 d - a wand of polymorph (17)
 e - a wand of charming (26)
 f - a wand of digging (5)
 l - a wand of flame (13)
 E - a wand of roots (6)
Scrolls
 a - 2 scrolls of silence
 b - 3 scrolls of amnesia
 i - a scroll of blinking
 n - 2 scrolls of fog
 p - 8 scrolls of identify
 u - 5 scrolls of noise
 x - 4 scrolls of poison
 B - a scroll of summoning
 D - a scroll of revelation
 F - 5 scrolls of teleportation
 I - 2 scrolls of fear
 J - a scroll of vulnerability
 L - 4 scrolls of immolation
Potions
 g - 4 potions of mutation
 j - 3 potions of enlightenment
 r - 2 potions of cancellation
 t - 5 potions of attraction
 w - 3 potions of ambrosia
 z - a potion of might
 A - 3 potions of berserk rage
 O - 3 potions of haste
 P - 2 potions of resistance
 R - 3 potions of curing


   Skills:
 + Level 12.6 Fighting
 + Level 15.2 Long Blades
 + Level 10.4 Armour
 + Level 7.6 Dodging
 + Level 16.0 Shields
 + Level 0.8 Unarmed Combat
 + Level 4.0 Evocations


You had 15 spell levels left.
You didn't know any spells.
Your spell library contained the following spells:

 Spells                   Type           Power      Damage    Failure   Level
 Apportation              Tloc           0%         N/A       100%        1
 Necrotise                Necr           0%         1d4       100%        1
 Shock                    Conj/Air       0%         1d3       100%        1
 Slow                     Hex            0%         N/A       100%        1
 Sting                    Conj/Alch      0%         1d3       100%        1
 Summon Small Mammal      Summ           0%         N/A       100%        1
 Blink                    Tloc           0%         N/A       100%        2
 Ensorcelled Hibernation  Hex/Ice        0%         N/A       100%        2
 Lesser Beckoning         Tloc           0%         N/A       100%        2
 Mercury Vapours          Alch/Air       0%         N/A       100%        2
 Momentum Strike          Conj/Tloc      0%         3d8       100%        2
 Call Canine Familiar     Summ           0%         N/A       100%        3
 Confusing Touch          Hex            0%         N/A       100%        3
 Dazzling Flash           Conj/Hex       0%         N/A       100%        3
 Frozen Ramparts          Ice            0%         1d1       100%        3
 Fugue of the Fallen      Necr           0%         N/A       100%        3
 Gell's Gravitas          Tloc           0%         N/A       100%        3
 Hailstorm                Conj/Ice       0%         3d5       100%        3
 Inner Flame              Hex/Fire       0%         N/A       100%        3
 Ozocubu's Armour         Ice            0%         N/A       100%        3
 Sigil of Binding         Hex            0%         N/A       100%        3
 Stone Arrow              Conj/Erth      0%         3d7       100%        3
 Summon Ice Beast         Ice/Summ       0%         N/A       100%        3
 Swiftness                Air            0%         N/A       100%        3
 Teleport Other           Tloc           0%         N/A       100%        3
 Vampiric Draining        Necr           0%         2d6       100%        3
 Volatile Blastmotes      Fire/Tloc      0%         2d10      100%        3
 Airstrike                Air            0%         2d(0-16)  100%        4
 Anguish                  Hex/Necr       0%         N/A       100%        4
 Animate Armour           Summ/Erth      0%         N/A       100%        4
 Animate Dead             Necr           0%         N/A       100%        4
 Dimensional Bullseye     Hex/Tloc       0%         N/A       100%        4
 Fulminant Prism          Conj/Alch      0%         3d5       100%        4
 Iskenderun's Mystic Bla  Conj/Tloc      0%         2d3       100%        4
 Leda's Liquefaction      Alch/Erth      0%         N/A       100%        4
 Manifold Assault         Tloc           0%         N/A       100%        4
 Olgreb's Toxic Radiance  Alch           0%         N/A       100%        4
 Passage of Golubria      Tloc           0%         N/A       100%        4
 Petrify                  Alch/Erth      0%         N/A       100%        4
 Irradiate                Conj/Alch      0%         3d11      100%        5
 Metabolic Englaciation   Hex/Ice        0%         N/A       100%        5
 Silence                  Hex/Air        0%         N/A       100%        5
 Summon Forest            Summ/Tloc      0%         N/A       100%        5
 Summon Mana Viper        Hex/Summ       0%         N/A       100%        5
 Dispersal                Tloc           0%         N/A       100%        6
 Sculpt Simulacrum        Ice/Alch       0%         N/A       100%        6
 Starburst                Conj/Fire      0%         6d3       100%        6
 Summon Cactus Giant      Summ           0%         N/A       100%        6
 Haunt                    Necr/Summ      0%         N/A       100%        7
 Ignition                 Fire           0%         3d3       100%        8
 Infestation              Necr           0%         N/A       100%        8
 Lehudib's Crystal Spear  Conj/Erth      0%         10d2      100%        8
 Maxwell's Capacitive Co  Air            0%         ∞         100%        8


Dungeon Overview and Level Annotations

Branches:
Dungeon (15/15)            Temple (0/1) D:4            Lair (5/5) D:8
  Swamp (0/4) Lair:3        Snake (0/4) Lair:3        Slime (0/5) Lair:5
    Orc (2/2) D:11            Elf (1/3) Orc:2        Vaults (0/5) D:14
 Depths (0/4) D:15          Sewer (visited)

Altars:
Gozag
Hepliaklqana
Kikubaaqudgha
Makhleb
Nemelex Xobeh
Trog
Uskayaw
Vehumet
Jiyva

Shops:
D:3 (   D:8 *   D:10 =?   D:11 ([   Orc:2 ?(::


Innate Abilities, Weirdness & Mutations

Your life essence is reduced to manifest your ancestor. (-10% HP)
You have a somewhat thin skeletal structure. (Dex +2, Stealth+)
Your demonic aura causes all spilled blood to erupt in flames.
You sometimes gain power by taking damage.
You have a small tail.
You sometimes lose your temper in combat.
Your natural rate of healing is unusually fast.


Message History

Yadidatum completely misses the +1 demon whip of pain.
Unknown command.
You miss the +1 demon whip of pain.
Your tail-slap misses the +1 demon whip of pain.
You block the +1 demon whip of pain's attack.
You block the +1 demon trident of draining's attack.
Yadidatum closely misses the +1 demon whip of pain.
You block the +1 demon whip of pain's attack.
You miss the +1 demon whip of pain.
The +1 demon trident of draining hits you!
* * * LOW HITPOINT WARNING * * *
You feel drained.
* * * LOW HITPOINT WARNING * * *
Yadidatum barely misses the +1 demon whip of pain.
You block the +1 demon whip of pain's attack.
Yadidatum hits the +1 demon whip of pain with a +0 dagger of draining.
You feel better.
You block the +1 demon trident of draining's attack.
The +1 demon whip of pain barely misses you.
Yadidatum hits the +1 demon whip of pain but does no damage.
The +1 demon trident of draining hits you but does no damage.
You feel drained.
The +1 demon whip of pain hits you but does no damage.
Yadidatum completely misses the +1 demon whip of pain.
You closely miss the +1 demon whip of pain.
Your tail-slap misses the +1 demon whip of pain.
The +1 demon whip of pain is lightly damaged.
The +1 demon whip of pain closely misses you.
The +1 demon trident of draining hits you!
* * * LOW HITPOINT WARNING * * *
You feel drained.
* * * LOW HITPOINT WARNING * * *
Yadidatum completely misses the +1 demon whip of pain.
Yadidatum hits the +1 demon whip of pain with a +0 dagger of draining!
You feel better.
You block the +1 demon whip of pain's attack.
The +1 demon trident of draining hits you!
* * * LOW HITPOINT WARNING * * *
You feel drained.
You die...

#.####.##'## ##.).## .##
#####.#########'#'## ##
####.....####.# #
#.......# #.# # #.......#
#.# ############..._...#
#.# '..........#.......#
#.# ############...(...#
#.# ## #..(@.# #.# '##
#####R### #.# #^##
##.....## #.# ##.##
##.###### #.# ##.#####.##
##'###### ##'#.#'##
#.......# #....(#
#.......#
#.....#############.....##
##.....+........)).).....#


You could see the friendly Yadidatum the hexer and 2 dancing weapons.

Vanquished Creatures
  Rupert (Lair:5)
  Gastronok (Lair:1)
  An orc warlord (Orc:2)
  2 ettins (Orc:2)
  A rakshasa (D:13)
  A great orb of eyes (D:15)
  9 hydras
  An ogre mage (Orc:2)
  2 catoblepae (Lair:5)
  3 boulder beetles
  8 dancing weapons (Elf:1)
  6 centaur warriors
  11 two-headed ogres
  11 death yaks (Lair:5)
  4 deep elf knights (Elf:1)
  Amaemon (Lair:2)
  10 skeletal warriors (D:15)
  2 deep elf archers (Elf:1)
  A swamp dragon (Lair:3)
  9 deep elf zephyrmancers (Elf:1)
  6 orc knights
  6 ugly things
  6 deep elf pyromancers
  6 cyclopes
  5 manticores
  8 orc sorcerers
  A wolf spider zombie (D:15)
  A salamander (shapeshifter) (Elf:1)
  6 elephants (Lair:5)
  A kobold blastminer (Orc:1)
  An orange demon (Lair:2)
  5 black mambas
  6 centaur zombies (D:15)
  9 cane toads
  A gargoyle (D:10)
  Maggie (D:6)
  3 rime drakes
  Jeremiah (D:8)
  An unseen horror (D:13)
  A tengu conjurer (D:15)
  8 komodo dragons
  A queen bee (shapeshifter) (D:15)
  A troll (shapeshifter) (D:14)
  9 trolls
  3 polar bears
  A tyrant leech (Lair:3)
  12 blink frogs
  7 dream sheep (Lair:5)
  A meliai zombie (D:15)
  7 slime creatures
  A shapeshifter (D:15)
  An air elemental (Elf:1)
  5 vampires
  6 wyverns
  12 humans (D:14)
  A water elemental (Elf:1)
  36 yaks
  4 fire elementals (Elf:1)
  7 basilisks
  8 wargs
  3 wraiths
  2 steam dragons
  6 nagas (Lair:3)
  4 vampire mosquitoes (D:14)
  A swamp worm (Lair:3)
  10 water moccasins
  A swamp drake (Lair:3)
  4 ice beasts
  A black bear (D:4)
  17 orc warriors
  A sky beast (D:7)
  4 boggarts (D:14)
  11 wolves
  20 ogres
  4 centaurs
  A hexer (Orc:2)
  2 kobold brigands (Sewer)
  7 bullfrogs
  A gnoll sergeant (D:5)
  6 scorpions
  3 wights (D:9)
  2 killer bees (D:10)
  2 howler monkeys (D:8)
  2 electric eels (D:8)
  A lava snake (D:7)
  3 bombardier beetles
  3 hounds
  7 orc priests
  8 jellies
  2 sleepcaps (D:6)
  An iguana (D:6)
  A gnoll bouda (D:7)
  31 orc wizards
  3 boggart zombies (D:15)
  10 hell rats
  9 gnolls
  6 adders
  7 river rats (Sewer)
  A shadow imp (D:6)
  A dart slug (D:1)
  2 ribbon worms
  68 orcs
  6 ball pythons
  6 bats
  7 endoplasms
  A giant cockroach (D:4)
  3 goblins
  2 hobgoblins
  2 jackals (D:4)
  2 quokkas (D:4)
  5 frilled lizards
  19 kobolds
  18 rats
641 creatures vanquished.

Vanquished Creatures (collateral kills)
  A dire elephant (D:15)
  Nessos (Lair:4)
  A hydra (Lair:5)
  2 ogre magi
  A catoblepas (Lair:5)
  A two-headed ogre (Orc:2)
  A dancing weapon (Elf:1)
  2 death yaks (Lair:5)
  2 deep elf zephyrmancers (Elf:1)
  A wolf spider zombie (D:15)
  An ugly thing (D:15)
  An orc sorcerer (Orc:2)
  A cyclops (D:14)
  2 elephants (Lair:5)
  A centaur zombie (D:15)
  A gargoyle (D:12)
  A rime drake (Lair:5)
  An unseen horror (D:11)
  A komodo dragon (Lair:4)
  A troll (Orc:2)
  A polar bear (Lair:4)
  3 blink frogs (Lair:1)
  2 slime creatures
  A yak (Lair:5)
  2 water elementals
  A wyvern (D:14)
  2 fire elementals (Elf:1)
  4 humans (D:14)
  A vampire mosquito (D:14)
  A swamp worm (Lair:3)
  A water moccasin (Lair:1)
  3 orc warriors
  A black bear (Lair:2)
  2 wolves (Lair:2)
  2 killer bees (D:10)
  2 jellies (Lair:5)
  2 orc priests
  A boggart zombie (D:15)
  6 orc wizards
  8 orcs
  An endoplasm (Lair:5)
71 creatures vanquished.

Vanquished Creatures (others)
  A tengu warrior (D:15)
  A deep elf knight (Elf:1)
  An orc warrior (Orc:2)
  13 hexers
  An orc wizard (Orc:2)
17 creatures vanquished.

Grand Total: 729 creatures vanquished

Notes
Turn   | Place    | Note
-------+----------+-------------------------------------------
     0 | D:1      | Frank the Demonspawn Fighter began the quest for the Orb.
     0 | D:1      | Reached XP level 1. HP: 18/18 MP: 1/1
   195 | D:1      | Gained mutation: Your demonic aura sometimes causes spilled
                  | blood to erupt in flames. [demonic ancestry]
   195 | D:1      | Reached XP level 2. HP: 24/24 MP: 2/2
   248 | D:1      | Found a faded altar of an unknown god.
   257 | D:1      | Reached skill level 3 in Shields
   923 | D:2      | Reached XP level 3. HP: 29/29 MP: 3/3
  1174 | D:2      | Identified the +3 dagger of Defiance {vamp, Str+3 Dex+4}
  1488 | D:3      | Gained mutation: You have a small tail. [demonic ancestry]
  1488 | D:3      | Reached XP level 4. HP: 35/35 MP: 4/4
  1758 | D:3      | Found an opulent altar of Gozag.
  2113 | D:3      | Found Ewabremp's Antique Weapon Shoppe.
  2187 | D:4      | Found a glowing drain.
  2209 | Sewer    | Entered a sewer
  2233 | Sewer    | Reached XP level 5. HP: 34/41 MP: 5/5
  2283 | Sewer    | Reached skill level 1 in Dodging
  2287 | Sewer    | Gained mutation: Your demonic aura often causes spilled
                  | blood to erupt in flames. [demonic ancestry]
  2287 | Sewer    | Reached XP level 6. HP: 42/48 MP: 6/6
  3114 | D:4      | Reached XP level 7. HP: 54/54 MP: 7/7
  3153 | D:4      | Found a staircase to the Ecumenical Temple.
  3401 | D:4      | Reached skill level 5 in Long Blades
  3625 | D:5      | Entered Level 5 of the Dungeon
  3731 | D:5      | Reached skill level 4 in Shields
  3944 | D:5      | Reached XP level 8. HP: 60/61 MP: 8/8
  3945 | D:5      | Reached skill level 5 in Armour
  4817 | D:5      | Reached skill level 5 in Fighting
  4980 | D:6      | Noticed Maggie
  4982 | D:6      | Gained mutation: You sometimes lose your temper in combat.
                  | [potion of mutation]
  4982 | D:6      | Gained mutation: Your natural rate of healing is unusually
                  | fast. [potion of mutation]
  4992 | D:6      | Killed Maggie
  4993 | D:6      | Reached skill level 5 in Shields
  5046 | D:6      | Gained mutation: Your demonic aura causes all spilled blood
                  | to erupt in flames. [demonic ancestry]
  5046 | D:6      | Reached XP level 9. HP: 68/68 MP: 9/9
  5360 | D:6      | Reached skill level 1 in Evocations
  5905 | D:7      | Found a hazy altar of Hepliaklqana.
  5954 | D:7      | Became a worshipper of Hepliaklqana the Forgotten
  5998 | D:7      | Found a sparkling altar of Nemelex Xobeh.
  6355 | D:8      | Found Onukheme's General Store.
  6360 | D:7      | Reached skill level 6 in Shields
  6490 | D:8      | Found a staircase to the Lair.
  6496 | D:8      | Noticed Jeremiah
  6505 | D:8      | Killed Jeremiah
  6506 | D:8      | Reached XP level 10. HP: 66/76 MP: 10/10
  6587 | D:8      | Reached * piety under Hepliaklqana
  7691 | D:10     | Entered Level 10 of the Dungeon
  7725 | D:10     | Identified the +3 mace of Forgiveness {venom, Str+4 Int+2}
  7792 | D:10     | Found Oreroqoi's Magic Scroll Boutique.
  7800 | D:10     | Bought a scroll of enchant armour for 97 gold pieces
  7800 | D:10     | Bought a scroll of enchant weapon for 97 gold pieces
  7812 | D:10     | Noticed a gargoyle
  7822 | D:10     | Killed a gargoyle
  7823 | D:10     | Reached skill level 7 in Shields
  7854 | D:10     | Reached ** piety under Hepliaklqana
  7867 | D:10     | Remembered your ancestor Yadidatum as a hexer
  8062 | D:10     | Found Losch's Antique Weapon Emporium.
  8069 | D:10     | Found Inkaafir's Jewellery Emporium.
  8261 | Lair:1   | Entered Level 1 of the Lair of Beasts
  8316 | Lair:1   | Noticed a black mamba
  8324 | Lair:1   | Reached skill level 8 in Shields
  8325 | Lair:1   | Killed a black mamba
  8326 | Lair:1   | Reached XP level 11. HP: 74/74 MP: 11/11
  8367 | Lair:1   | Reached skill level 10 in Long Blades
  8367 | Lair:1   | Noticed Gastronok
  8385 | Lair:1   | Killed Gastronok
  8386 | Lair:1   | Reached skill level 9 in Shields
  8458 | Lair:1   | Found a frozen archway.
  9124 | Lair:2   | Noticed a five-headed hydra
  9131 | Lair:2   | Killed a five-headed hydra
  9322 | Lair:2   | Reached *** piety under Hepliaklqana
  9695 | Lair:2   | Noticed Amaemon
  9702 | Lair:2   | Killed Amaemon
  9703 | Lair:2   | Reached skill level 10 in Shields
  9703 | Lair:2   | Gained mutation: You sometimes gain a little power by
                  | taking damage. [demonic ancestry]
  9703 | Lair:2   | Reached XP level 12. HP: 69/82 MP: 12/12
  9974 | D:11     | Reached skill level 5 in Dodging
 10002 | D:11     | Found Acibaeb's Weapon Shop.
 10025 | D:11     | Found a staircase to the Orcish Mines.
 10028 | D:11     | Found Qufutionann's Armour Shop.
 10068 | D:11     | Noticed a two-headed ogre
 10076 | D:11     | Killed a two-headed ogre
 10391 | D:12     | Reached **** piety under Hepliaklqana
 11443 | D:13     | Reached skill level 11 in Shields
 11490 | D:13     | Noticed a rakshasa
 11490 | D:13     | Noticed a boulder beetle
 11520 | D:13     | Killed a rakshasa
 11561 | D:13     | Killed a boulder beetle
 11575 | D:13     | Noticed a six-headed hydra
 11580 | D:13     | Killed a six-headed hydra
 11912 | D:14     | Noticed a centaur warrior
 11924 | D:14     | Killed a centaur warrior
 11932 | D:14     | Noticed a two-headed ogre
 11939 | D:14     | Gained mutation: You sometimes gain power by taking damage.
                  | [demonic ancestry]
 11939 | D:14     | Reached XP level 13. HP: 89/89 MP: 13/13
 11943 | D:14     | Found a gate to the Vaults.
 12242 | D:14     | Reached skill level 12 in Shields
 12600 | D:15     | Entered Level 15 of the Dungeon
 12663 | Orc:1    | Entered Level 1 of the Orcish Mines
 13175 | Lair:3   | Found a staircase to the Snake Pit.
 13271 | Lair:3   | You fall into a shaft and drop 2 floors!
 13271 | Lair:5   | Entered Level 5 of the Lair of Beasts
 13370 | Lair:3   | Reached ***** piety under Hepliaklqana
 13420 | Lair:3   | Identified the +4 dagger "Xashraoby" {flame, Dex+5}
 13441 | Lair:3   | Identified the blade talisman of Tomorrow {rElec Int+3
                  | Dex+3}
 13552 | Lair:3   | Reached XP level 14. HP: 98/98 MP: 14/14
 13634 | Lair:3   | Found a staircase to the Swamp.
 14060 | Lair:4   | Found a bloodstained altar of Trog.
 14104 | Lair:4   | Reached skill level 13 in Shields
 14163 | Lair:4   | Noticed Nessos
 14172 | Lair:4   | Killed Nessos
 14593 | Lair:4   | Reached skill level 10 in Fighting
 14832 | Lair:5   | Noticed Rupert
 14852 | Lair:5   | Killed Rupert
 15236 | Lair:5   | Found a viscous altar of Jiyva.
 15238 | Lair:5   | Found a staircase to the Slime Pits.
 15493 | Lair:5   | Identified the ring "Locog" {rF+ rN+ Int+3}
 15569 | Lair:5   | Found a burning altar of Makhleb.
 16114 | Orc:2    | Entered Level 2 of the Orcish Mines
 16141 | Orc:2    | Gained mutation: You have a somewhat thin skeletal
                  | structure. (Dex +2, Stealth+) [demonic ancestry]
 16141 | Orc:2    | Reached XP level 15. HP: 105/105 MP: 15/15
 16296 | Orc:1    | Reached skill level 14 in Shields
 16364 | Orc:2    | Found a staircase to the Elven Halls.
 16591 | Orc:1    | You fall into a shaft and drop 1 floor!
 16597 | Orc:2    | Paralysed by an orc sorcerer for 3 turns
 16609 | Orc:2    | Found Qeygehomp's Book Emporium.
 16661 | Orc:2    | Found Kauxyeso's Book Shoppe.
 16689 | Orc:2    | Found a radiant altar of Vehumet.
 16707 | Orc:2    | Paralysed by an orc sorcerer for 2 turns
 16723 | Orc:2    | Paralysed by an orc sorcerer for 4 turns
 16738 | Orc:2    | Found an ancient bone altar of Kikubaaqudgha.
 16752 | Orc:2    | Found Dearch's Antique Weapon Emporium.
 16776 | Orc:2    | Found Muoskopn's Magic Scroll Shoppe.
 17133 | Orc:2    | Reached ****** piety under Hepliaklqana
 17249 | Orc:2    | Bought a scroll of enchant armour for 82 gold pieces
 17249 | Orc:2    | Bought 2 scrolls of enchant armour for 165 gold pieces
 17509 | D:8      | Bought the +1 plate armour of Ignis's Indignation {rF+
                  | rCorr Dex+2 SInv} for 896 gold pieces
 17971 | D:15     | Found a staircase to the Depths.
 18019 | D:15     | Reached skill level 15 in Shields
 18114 | D:15     | Found the crystal ball of Wucad Mu {*channel}
 18127 | D:15     | Reached skill level 10 in Armour
 18536 | Elf:1    | Entered Level 1 of the Elven Halls
 18576 | Elf:1    | Reached XP level 16. HP: 114/114 MP: 16/16
 18594 | Elf:1    | Reached skill level 15 in Long Blades
 18895 | Elf:1    | Paralysed by an air elemental for 1 turns
 18898 | Elf:1    | HP: 1/115 [deep elf zephyrmancer/bolt of lightning (16)]
 18900 | Elf:1    | Paralysed by an air elemental for 1 turns
 19486 | Elf:1    | Found a runed translucent door.
 19584 | Elf:1    | Found a hide-covered altar of Uskayaw.
 19593 | Elf:1    | Reached skill level 16 in Shields
 19618 | Elf:1    | HP: 2/95 [+1 demon trident of draining (12)]
 19618 | Elf:1    | Slain by a +1 demon trident of draining

Illustrated notes

Levels and vault maps discovered:
D:1:      doesnt_arrival_eight_statues, layout_basic,
          shapermc_ecumenical_altar_mp_highgroup, minmay_tiny_reverse_x
D:2:      layout_rooms, amcnicky_mini_pool_small
D:3:      layout_basic, nicolae_overflow_crystal_walls, serial_shops, shop,
          nicolae_eternal_life
D:4:      layout_cave_pools, minmay_temple_entry_statues_fountains,
          cheibrodos_sewer_entry_sluice, serial_park_tiny_2
D:5:      layout_loops_corners, enter_ossuary_2
D:6:      layout_loops_ring, minmay_misc_feat_square, uniq_maggie
D:7:      layout_rooms, mainiacjoe_overflow_concentric_impassable,
          nemelex_xobeh_ov_fountains_minmay, nicolae_lava_and_water
D:8:      layout_cave_pools, lair_entry_dummy, serial_shops,
          nicolae_inconvenience_store, uniq_jeremiah
D:9:      layout_basic, hangedman_decor_slide_cut
D:10:     layout_cave_pools, mainiacjoe_overflow_six_doors_small, serial_shops,
          shop, shop, nicolae_shop_tiny_glass
D:11:     layout_big_octagon, orc_david_3
D:12:     layout_roguey
D:13:     layout_basic
D:14:     layout_loops_ring, david_vaults_3, minmay_misc_feat_roman,
          special_room [special_room_mythical_zoo], kennysheep_minor_cross
D:15:     hangedman_depths_entry_try_elsewhere_first, layout_cave_pools,
          chequers_mini_garden, serial_undead, serial_undead_d, serial_undead_d,
          serial_undead_b, serial_undead_e, serial_undead_b, serial_undead_d,
          serial_undead_d, serial_undead_d, nicolae_titane
Lair:1:   layout_loops_ring, portal_ice_cave_entry_pillars_1, uniq_gastronok
Lair:2:   layout_gridlike, grunt_megastairs_5, uniq_amaemon
Lair:3:   layout_loops_ring, mainiacjoe_swamp_entry_lozenge_pond,
          minmay_snake_entry_guardpost_medium, worms_lemuel,
          serial_bayou_shore_b, serial_bayou_shore_b
Lair:4:   layout_long_grid, basic_altar, serial_bayou_shore_b,
          lemuel_fruit_tree, uniq_nessos
Lair:5:   evilmike_catoblepas_cave, layout_regular_city, slime_entry_2,
          basic_altar, uniq_rupert
Orc:1:    layout_caves
Orc:2:    kennysheep_orc_mage_school, layout_diamond_mine
Elf:1:    layout_geoelf_diagonals, nicolae_elf_crossing_hall,
          nicolae_danse_macabre

Skill      XL: |  1  2  3  4  5  6  7  8  9 10 11 12 13 14 15 16 |
---------------+-------------------------------------------------+-----
Shields        | 3 4 5 6 8 10 11 12 13 15 16 | 16.0
Long Blades    | 2 3 4 5 7 8 9 10 12 13 14 15 | 15.2
Armour         | 3 4 5 6 7 8 9 10 | 10.4
Dodging        | 1 2 3 4 5 6 7 |  7.6
Fighting       | 4 5 6 7 8 9 10 12 | 12.6
Evocations     | 1 2 3 4 |  4.0
Unarmed Combat | |  0.8

Action                     |  1- 3 |  4- 6 |  7- 9 | 10-12 | 13-15 | 16-18 || total
---------------------------+-------+-------+-------+-------+-------+-------++-------
  Melee: Long sword        |    87 |   156 |   277 |   212 |       |       ||   732
         Tailslap          |       |    26 |    60 |    76 |   223 |    32 ||   417
         Scimitar          |       |       |       |   194 |   941 |   162 ||  1297
         Unarmed           |       |       |       |       |     2 |       ||     2
 Invoke: Ancestor Life: He |       |       |       |     1 |       |       ||     1
         Recall Ancestor   |       |       |       |       |     1 |       ||     1
  Evoke: Wand              |       |       |    11 |    15 |    24 |       ||    50
    Use: Scroll            |     5 |     3 |     7 |    11 |     8 |     1 ||    35
         Potion            |       |       |     2 |     4 |     2 |     5 ||    13
   Stab: Confused          |       |       |       |    11 |    11 |     3 ||    25
         Distracted        |       |       |       |     5 |    16 |     1 ||    22
         Invisible         |       |       |       |       |     2 |       ||     2
         Paralysed         |       |       |       |       |    19 |     4 ||    23
 Armour: Scale mail        |    45 |   141 |   145 |   173 |   323 |       ||   827
         Skin              |       |       |       |       |     3 |       ||     3
         Plate armour      |       |       |       |       |    90 |    72 ||   162
  Dodge: Dodged            |    29 |    94 |    64 |    92 |   209 |    29 ||   517
  Block: Buckler           |    27 |    53 |    28 |       |       |       ||   108
         Kite shield       |       |       |   150 |   399 |   912 |   161 ||  1622
         Reflection        |       |       |     3 |    12 |    36 |     7 ||    58
